 Dungeon Crawl Stone Soup version 0.30-a0-149-g7f746667c4 (webtiles) character file.

Game seed: 12916298570220249960

375 ragingrage the Chopper (level 6, -1/43 HPs)
             Began as a Demonspawn Artificer on Sept 27, 2022.
             Was a Believer of Makhleb.
             Slain by an iguana (11 damage)
             ... on level 4 of the Dungeon.
             The game lasted 00:03:35 (3514 turns).

ragingrage the Chopper (Demonspawn Artificer)       Turns: 3514, Time: 00:03:35

Health: -1/43      AC:  5    Str: 14    XL:     6   Next: 44%
Magic:  6/6        EV: 11    Int: 13    God:    Makhleb [**....]
Gold:   63         SH:  0    Dex: 13    Spells: 5/5 levels left

rFire   + . .      SeeInvis .    f - +1 hand axe (chaos)
rCold   . . .      Faith    .    (no shield)
rNeg    . . .      Spirit   .    k - +2 robe {rF+}
rPois   .          Reflect  .    (no helmet)
rElec   .          Harm     .    (no cloak)
rCorr   .          Rampage  .    g - +0 pair of gloves
Will    .....                    (no boots)
Stlth   ++........               (no amulet)
HPRegen 0.14/turn                (no ring)
MPRegen 0.10/turn                (no ring)

@: no status effects
A: demonic guardian 1, ignite blood 2, demonic touch 1
a: Renounce Religion, Minor Destruction


You were on level 4 of the Dungeon.
You worshipped Makhleb.
Makhleb was pleased with you.
You visited 1 branch of the dungeon, and saw 4 of its levels.

You collected 63 gold pieces.

Inventory:

Hand Weapons
 f - a +1 hand axe of chaos (weapon)
Missiles
 t - 7 poisoned darts
 v - 2 boomerangs
Armour
 a - a +0 chain mail
 g - a +0 pair of gloves (worn)
 k - a +2 robe of fire resistance (worn)
Wands
 c - a wand of flame (15) (quivered)
 d - a wand of charming (15)
 e - a wand of iceblast (5)
Scrolls
 b - a scroll of enchant weapon
 h - 2 scrolls of noise
 l - 2 scrolls of fear
 n - 3 scrolls of teleportation
 p - a scroll of vulnerability {unknown}
 r - a scroll of silence {unknown}
 s - a scroll of poison {unknown}
 u - 2 scrolls of immolation {unknown}
Potions
 i - 2 potions of attraction
 j - a potion of heal wounds
 m - a potion of brilliance {unknown}
 o - 2 potions of mutation {unknown}
 q - 2 potions of curing {unknown}


   Skills:
 - Level 1.0 Fighting
 + Level 6.0 Axes
 - Level 1.7 Armour
 - Level 0.8 Dodging
 - Level 0.8 Stealth
 - Level 3.0 Evocations


You had 5 spell levels left.
You didn't know any spells.
Your spell library was empty.

Dungeon Overview and Level Annotations

Branches:
Dungeon (4/15)
 Temple: D:4-7

Altars:
Makhleb

Shops:
D:1 *


Innate Abilities, Weirdness & Mutations

A weak demonic guardian rushes to your aid.
Your demonic aura often causes spilled blood to erupt in flames.
Your touch may inflict minor irresistible damage on your foes.


Message History

You barely miss the howler monkey.
The howler monkey is heavily wounded.
The howler monkey closely misses you. The howler monkey barely misses you.
You hit the howler monkey.
Lightning courses through the howler monkey!
You kill the howler monkey!
Makhleb accepts your kill.
Your Axes skill increases to level 6!
You hit the iguana.
The iguana seems to speed up.
The iguana is lightly wounded.
The iguana barely misses you. x2
You closely miss the iguana.
The iguana is lightly wounded.
The iguana bites you!
You are too injured to fight recklessly!
You are too injured to fight recklessly!
You are too injured to fight recklessly!
You are too injured to fight recklessly!
You are too injured to fight recklessly!
You are too injured to fight recklessly!
You are too injured to fight recklessly!
You are too injured to fight recklessly!
You are too injured to fight recklessly!
You are too injured to fight recklessly!
You are too injured to fight recklessly!
You are too injured to fight recklessly!
You are too injured to fight recklessly!
You are too injured to fight recklessly!
You are too injured to fight recklessly!
You are too injured to fight recklessly!
You are too injured to fight recklessly!
You hit the iguana.
The iguana is poisoned.
The iguana is moderately wounded.
The iguana bites you! x2
* * * LOW HITPOINT WARNING * * *
You hit the iguana.
The iguana looks as sick as possible!
The iguana is heavily wounded.
The iguana is engulfed in blazing flames.
The iguana bites you!
You die...

...# #...........#
..## ##..........#
.## #......>..#
##### ##
#.........#
####.... #
#...#..#.##
###.......
##..###..##
###......... #...#
##.g# ##...........
#...# ##l##
##............
#..##
##@###.............
##g.#
##.##.............
#..##
##.#.............
#..#
#..#............
##.##
##..............
#..#
##.............
#.## ##...........#
##.# #...........#
#..# ##.........##


You could see an iguana (fast, extremely poisoned) and a hobgoblin.

Vanquished Creatures
  A scorpion (D:4)
  A howler monkey (D:4)
  A hound (D:4)
  2 adders
  3 dart slugs
  8 bats
  4 endoplasms
  2 giant cockroaches
  2 goblins
  5 hobgoblins
  3 jackals (D:3)
  8 kobolds
  2 quokkas
  3 ball pythons
  6 frilled lizards
  9 rats
60 creatures vanquished.

Vanquished Creatures (collateral kills)
  Sigmund (D:2)
  A worm (D:2)
  A dart slug (D:2)
  A giant cockroach (D:2)
  A hobgoblin (D:3)
5 creatures vanquished.

Grand Total: 65 creatures vanquished

Notes
Turn   | Place    | Note
-------+----------+-------------------------------------------
     0 | D:1      | ragingrage the Demonspawn Artificer began the quest for the
                  | Orb.
     0 | D:1      | Reached XP level 1. HP: 15/15 MP: 1/1
   189 | D:1      | Found Ruiceaw's Assorted Antiques.
   204 | D:1      | Reached skill level 1 in Axes
   278 | D:1      | Gained mutation: Your demonic aura sometimes causes spilled
                  | blood to erupt in flames. [demonic ancestry]
   278 | D:1      | Reached XP level 2. HP: 19/21 MP: 2/2
   289 | D:1      | Found a faded altar of an unknown god.
   298 | D:1      | Prayed at the altar of an unknown god.
   298 | D:1      | Became a worshipper of Makhleb the Destroyer
   298 | D:1      | Reached * piety under Makhleb
   759 | D:1      | Reached skill level 2 in Axes
  1244 | D:2      | Gained mutation: A weak demonic guardian rushes to your
                  | aid. [demonic ancestry]
  1244 | D:2      | Reached XP level 3. HP: 22/26 MP: 3/3
  1649 | D:2      | Noticed Sigmund
  1677 | D:2      | Killed Sigmund
  1678 | D:2      | Reached skill level 4 in Axes
  1678 | D:2      | Reached XP level 4. HP: 6/32 MP: 4/4
  1678 | D:2      | Gained mutation: Your touch may inflict minor irresistible
                  | damage on your foes. [demonic ancestry]
  1678 | D:2      | Reached XP level 5. HP: 7/37 MP: 5/5
  2170 | D:3      | Reached skill level 5 in Axes
  2171 | D:3      | Reached ** piety under Makhleb
  3097 | D:4      | Gained mutation: Your demonic aura often causes spilled
                  | blood to erupt in flames. [demonic ancestry]
  3097 | D:4      | Reached XP level 6. HP: 43/43 MP: 6/6
  3511 | D:4      | Reached skill level 6 in Axes
  3514 | D:4      | Slain by an iguana

Illustrated notes

Levels and vault maps discovered:
D:1:      lemuel_arrival_tunnels, layout_loops_ring, serial_shops, shop,
          shapermc_ecumenical_altar_venn
D:2:      layout_basic, grunt_ministairs_5, roderic_roman_lattice, uniq_sigmund
D:3:      layout_loops_ring
D:4:      layout_cave_pods

Skill      XL: |  1  2  3  4  5  6 |
---------------+-------------------+-----
Axes           | 1 2 4 5 6 |  6.0
Fighting       | |  1.0
Armour         | |  1.7
Dodging        | |  0.8
Stealth        | |  0.8
Evocations     | |  3.0

Action                   |  1- 3 |  4- 6 || total
-------------------------+-------+-------++-------
Melee: Hand axe          |   127 |    82 ||   209
       Punch             |     2 |       ||     2
       Touch             |       |    15 ||    15
Invok: Minor Destruction |       |     1 ||     1
  Use: Potion            |     2 |       ||     2
       Scroll            |       |     5 ||     5
 Stab: Sleeping          |     2 |     3 ||     5
Armor: Leather armour    |     9 |       ||     9
       Chain mail        |    85 |       ||    85
       Robe              |       |    30 ||    30
Dodge: Dodged            |    54 |    42 ||    96

Table legend: (Time is in decaauts)
 A = Elapsed time spent in this place.
 B = Non-inter-level travel time spent in this place.
 C = Inter-level travel time spent in this place.
 D = Time resting spent in this place.
 E = Time spent auto-exploring this place.
 F = Levels seen in this place.
 G = Mean time per level.
                   A        B        C        D        E       F      G
               +--------+--------+--------+--------+--------+-----+--------+
         Total |   3542 |   3448 |     94 |    746 |   2031 |   4 |  885.5 |
       Dungeon |   3542 |   3448 |     94 |    746 |   2031 |   4 |  885.5 |
               +--------+--------+--------+--------+--------+-----+--------+

Top non-repeatable levels by time:
     D:1: 1164 daAuts
     D:2: 1009 daAuts
     D:3: 817 daAuts
     D:4: 551 daAuts
